 Dungeon Crawl Stone Soup version 0.27.1-1-g398f81649c (webtiles) character file.

Game seed: 17729730551509346087

4064 Rickety the Covert (level 10, -9/45 HPs)
             Began as a Spriggan Enchanter on Sept 20, 2021.
             Was a Believer of Dithmenos.
             Killed from afar by an efreet (24 damage)
             ... with a bolt of fire
             ... on level 9 of the Dungeon.
             The game lasted 00:28:25 (11398 turns).

Rickety the Covert (Spriggan Enchanter)            Turns: 11398, Time: 00:28:26

Health: -9/45      AC:  4    Str:  4    XL:     10   Next: 5%
Magic:  16/21      EV: 17    Int: 16    God:    Dithmenos [**....]
Gold:   447        SH:  7    Dex: 20    Spells: 6/22 levels left

rFire    . . .     SeeInvis +   y - +0 dagger (venom)
rCold    . . .     Faith    .   t - +0 buckler
rNeg     . . .     Spirit   .   H - +0 troll leather armour
rPois    +         Reflect  .   (helmet restricted)
rElec    .         Harm     .   (no cloak)
rCorr    .         Rampage  .   (gloves unavailable)
Will     +....                  (boots unavailable)
Stlth    +++++++...             (no amulet)
HPRegen  1.15/turn              m - ring of poison resistance
MPRegen  0.17/turn              (no ring)

@: very slightly contaminated, wreathed by umbra, very quick
A: very small, no large weapons, unfitting armour, see invisible, speed 3
a: Renounce Religion, Shadow Step


You were on level 9 of the Dungeon.
You worshipped Dithmenos.
Dithmenos was pleased with you.
You visited 2 branches of the dungeon, and saw 10 of its levels.

You collected 447 gold pieces.

Inventory:

Hand Weapons
 a - a +1 dagger
 y - a +0 dagger of venom (weapon)
 D - a +4 dagger
Missiles
 j - 49 poisoned darts (quivered)
 k - 2 boomerangs of dispersal
 w - a curare-tipped dart
Armour
 b - a +1 robe
 t - a +0 buckler (worn)
 F - +0 steam dragon scales
 H - a +0 troll leather armour (worn)
Magical Staves
 s - a staff of air
Jewellery
 m - a ring of poison resistance (left hand)
 u - a ring of fire
Wands
 h - a wand of acid (26)
 o - a wand of flame (43)
 C - a wand of iceblast (9)
 G - a wand of paralysis (13)
 I - a wand of digging (8)
Scrolls
 e - a scroll of magic mapping {unknown}
 f - 3 scrolls of identify
 g - a scroll of summoning {unknown}
 l - 2 scrolls of enchant armour
 n - a scroll of teleportation
 p - a scroll of immolation {unknown}
 q - a scroll of vulnerability {unknown}
 r - 2 scrolls of blinking {unknown}
 x - a scroll of silence {unknown}
 A - 2 scrolls of fog {unknown}
Potions
 c - 5 potions of flight
 d - 3 potions of heal wounds
 i - 2 potions of invisibility
 v - 2 potions of lignification {unknown}
 z - a potion of haste {unknown}
 B - a potion of brilliance {unknown}
 E - 3 potions of curing


   Skills:
 + Level 1.2 Fighting
 + Level 2.8 Short Blades
 + Level 0.2 Throwing
 * Level 0.5 Armour
 + Level 4.4 Dodging
 * Level 13.6 Stealth
 * Level 1.8 Shields
 + Level 6.9 Spellcasting
 + Level 7.1 Hexes
 - Level 2.0 Summonings
 * Level 1.3 Ice Magic
 * Level 4.2 Invocations
 * Level 5.6 Evocations


You had 6 spell levels left.
You knew the following spells:

 Your Spells              Type           Power      Damage    Failure   Level
a - Corona                Hex            31%        N/A       1%          1
b - Ensorcelled Hibernat  Hex/Ice        38%        N/A       9%          2
c - Confusing Touch       Hex            28%        N/A       5%          3
d - Dazzling Flash        Conj/Hex       32%        N/A       22%         3
g - Summon Guardian Gole  Hex/Summ       20%        N/A       16%         3
t - Tukima's Dance        Hex            28%        N/A       5%          3
M - Summon Small Mammal   Summ           44%        N/A       14%         1

Your spell library contained the following spells:

 Spells                   Type           Power      Damage    Failure   Level
 Slow                     Hex            28%        N/A       2%          2
 Call Canine Familiar     Summ           11%        N/A       41%         3
 Vampiric Draining        Necr           2%         2d6       69%         3
 Animate Armour           Summ/Erth      16%        N/A       91%         4
 Yara's Violent Unravell  Hex/Tmut       8%         3d5       91%         5
 Passage of Golubria      Tloc           N/A        N/A       97%         4
 Blade Hands              Tmut           2%         N/A       100%        5
 Iron Shot                Conj/Erth      2%         9d2       100%        6


Dungeon Overview and Level Annotations

Branches:
Dungeon (9/15)             Temple (1/1) D:4
   Lair: D:8-11         Orc: D:9-12

Altars:
Ashenzari
Cheibriados
Dithmenos
Elyvilon
Fedhas
Gozag
Hepliaklqana
Kikubaaqudgha
Nemelex Xobeh
Okawaru
Qazlal
Ru
Sif Muna
Trog
Uskayaw
Vehumet
Wu Jian
Xom
Yredelemnul
Zin
The Shining One


Innate Abilities, Weirdness & Mutations

You are very small and have problems with some larger weapons.
You are too small for most types of armour.
You have supernaturally acute eyesight. (SInv)
You cover ground extremely quickly. (Speed+++)


Message History

Magic restored.
You open the door.
There is an open door here.
Found a pair of gloves.
There is an open door here.
You open the door.
There is an open door here.
Found a scroll labelled PUETYREXTO.
Found a stone staircase leading down.
Casting: Ensorcelled Hibernation (safe; 9% risk of failure)
Confirm with . or Enter, or press ? or * to list all spells.
Aiming: Ensorcelled Hibernation (safe; 9% risk of failure)
Press: ? - help, Shift-Dir - straight line, f - efreet
Aim: an efreet, wielding a +2 scimitar of flaming (wandering, hasn't noticed you, chance to affect: 50%)
You miscast Ensorcelled Hibernation.
You are very lightly contaminated with residual magic.
Nothing appears to happen.
Casting: Ensorcelled Hibernation (safe; 9% risk of failure)
Confirm with . or Enter, or press ? or * to list all spells.
Aiming: Ensorcelled Hibernation (safe; 9% risk of failure)
Press: ? - help, Shift-Dir - straight line, f/p - efreet
Aim: an efreet, wielding a +2 scimitar of flaming (chance to affect: 50%)
The efreet resists with some effort.
Casting: Ensorcelled Hibernation (safe; 9% risk of failure)
Confirm with . or Enter, or press ? or * to list all spells.
Aiming: Ensorcelled Hibernation (safe; 9% risk of failure)
Press: ? - help, Shift-Dir - straight line, f/p - efreet
Aim: an efreet, wielding a +2 scimitar of flaming (chance to affect: 50%)
The efreet looks drowsy...
The white ugly thing gurgles horribly!
You hit the efreet but do no damage. The efreet gestures at you.
The bolt of fire hits you!! The efreet gestures at you.
The fireball explodes!
The fireball engulfs you!
* * * LOW HITPOINT WARNING * * *
The efreet gestures at you. The bolt of fire hits you!!
Ouch! That really hurt!
You die...

.............#$.#C#..#
............<##...u.##
####..........##.#.##
...#......#######.#######
...'......#....#.R.>.....
####......#....#.........
#..#......#....##...?....
...'......#....##........
...#......#.....@........
####......'....##...###..
..........#....###### #
..........#....#
..........#.......
.......>..#.......
#'##......#....####
...#......#....#
...#......#....#


You could see a white ugly thing and an efreet.

Vanquished Creatures
  An ugly thing (D:9)
  A troll (D:9)
  A wyvern (D:9)
  2 steam dragons (D:8)
  Duvessa (D:6)
  A water moccasin (D:7)
  2 sky beasts
  An orc warrior (D:8)
  An ice beast (D:7)
  An ogre (D:4)
  A black bear (D:3)
  4 phantoms
  3 centaurs
  A kobold brigand (D:6)
  A gnoll sergeant (D:7)
  Blork the orc (D:4)
  A scorpion (D:5)
  2 bullfrogs
  Dowan (D:6)
  A water moccasin skeleton (D:6)
  3 killer bees (D:7)
  2 wights
  5 howler monkeys
  A gnoll shaman (D:5)
  4 hounds
  A bullfrog skeleton (D:4)
  2 jellies (D:8)
  2 centaur zombies (D:8)
  2 centaur skeletons
  2 iguanas
  A hound zombie (D:5)
  A howler monkey zombie (D:9)
  14 adders
  7 gnolls
  A shadow imp (D:6)
  A white imp (D:8)
  2 ufetubi (D:4)
  2 dart slugs (D:3)
  10 orcs
  5 endoplasms
  3 giant cockroaches
  3 goblins
  6 hobgoblins
  3 jackals (D:4)
  13 kobolds
  5 quokkas
  6 ball pythons
  3 bats (D:1)
  2 frilled lizards (D:1)
  2 rats
  A spectral hobgoblin (D:1)
143 creatures vanquished.

Vanquished Creatures (collateral kills)
  7 wights
  A gnoll (D:7)
  An orc (D:3)
9 creatures vanquished.

Vanquished Creatures (others)
  2 dancing weapons (D:7)
  2 killer bees (D:7)
  A shadow imp (D:8)
5 creatures vanquished.

Grand Total: 157 creatures vanquished

Notes
Turn   | Place    | Note
-------+----------+-------------------------------------------
     0 | D:1      | Rickety the Spriggan Enchanter began the quest for the Orb.
     0 | D:1      | Reached XP level 1. HP: 9/9 MP: 5/5
   240 | D:1      | Found a faded altar of an unknown god.
   528 | D:1      | Reached XP level 2. HP: 12/13 MP: 6/6
   537 | D:1      | Learned a level 2 spell: Ensorcelled Hibernation
   902 | D:1      | Reached skill level 5 in Stealth
  1672 | D:1      | Reached XP level 3. HP: 11/16 MP: 0/8
  1676 | D:1      | Learned a level 3 spell: Confusing Touch
  2760 | D:3      | Found a broken altar of Ashenzari.
  2815 | D:3      | Noticed a black bear
  2823 | D:3      | Killed a black bear
  2824 | D:3      | Reached skill level 6 in Stealth
  2824 | D:3      | Reached skill level 1 in Ice Magic
  2824 | D:3      | Reached XP level 4. HP: 16/21 MP: 2/10
  2824 | D:3      | Reached XP level 5. HP: 19/24 MP: 2/11
  3184 | D:3      | Reached skill level 5 in Hexes
  3293 | D:2      | Learned a level 3 spell: Tukima's Dance
  4181 | D:4      | Noticed an ogre
  4400 | D:4      | Reached skill level 7 in Stealth
  4505 | D:4      | Reached XP level 6. HP: 23/28 MP: 9/12
  4509 | D:4      | Learned a level 3 spell: Dazzling Flash
  4559 | D:4      | Found a staircase to the Ecumenical Temple.
  4570 | Temple   | Entered the Ecumenical Temple
  4672 | Temple   | Became a worshipper of Dithmenos the Shadowed
  5134 | D:4      | Learned a level 1 spell: Summon Small Mammal
  5372 | D:4      | Noticed Blork the orc
  5705 | D:4      | Killed Blork the orc
  5706 | D:4      | Reached skill level 8 in Stealth
  5706 | D:4      | Reached skill level 1 in Evocations
  5712 | D:5      | Entered Level 5 of the Dungeon
  5836 | D:5      | Reached XP level 7. HP: 32/32 MP: 6/14
  5936 | D:5      | Reached skill level 1 in Invocations
  6117 | D:5      | Reached skill level 9 in Stealth
  6451 | D:5      | Found an ancient bone altar of Kikubaaqudgha.
  6619 | D:5      | Reached skill level 1 in Summonings
  6883 | D:6      | Reached * piety under Dithmenos
  7080 | D:6      | Found a radiant altar of Vehumet.
  7141 | D:6      | Reached XP level 8. HP: 26/37 MP: 2/16
  7300 | D:6      | Reached skill level 10 in Stealth
  7311 | D:6      | Reached skill level 5 in Spellcasting
  7315 | D:6      | Learned a level 3 spell: Summon Guardian Golem
  7542 | D:6      | Noticed Dowan
  7575 | D:6      | Noticed Duvessa
  7584 | D:6      | Killed Dowan
  7739 | D:6      | Killed Duvessa
  8354 | D:7      | Found a hide-covered altar of Uskayaw.
  8393 | D:7      | Reached skill level 11 in Stealth
  8901 | D:7      | Reached XP level 9. HP: 40/40 MP: 16/19
  9149 | D:7      | Reached skill level 12 in Stealth
  9603 | D:7      | Reached skill level 1 in Fighting
  9745 | D:8      | Reached skill level 5 in Evocations
  9844 | D:8      | Reached ** piety under Dithmenos
  9957 | D:8      | Found a sparkling altar of Nemelex Xobeh.
 10124 | D:8      | Reached skill level 1 in Shields
 10208 | D:8      | Reached skill level 13 in Stealth
 11154 | D:9      | Noticed a troll
 11159 | D:9      | Killed a troll
 11245 | D:9      | Noticed a white ugly thing
 11246 | D:9      | Noticed a white ugly thing
 11247 | D:9      | Noticed an efreet
 11248 | D:9      | Noticed a cyclops
 11249 | D:9      | Killed a white ugly thing
 11250 | D:9      | Reached XP level 10. HP: 45/45 MP: 21/21
 11398 | D:9      | Killed from afar by an efreet

Illustrated notes

Levels and vault maps discovered:
D:1:      dpeg_arrival_water_temple_mockup, layout_basic,
          dreamdust_ecumenical_altar_drowned_temple
D:2:      layout_rooms
D:3:      layout_loops_cross, amcnicky_altar_gilded
D:4:      layout_rooms, temple_hall, serial_corexii_hall,
          chequers_hall_statues_wall_a, chequers_hall_statues_corner_a,
          chequers_hall_statues_corner_a, uniq_blork_the_orc
D:5:      layout_loops_ring, kennysheep_mini_moat
D:6:      wander_river, layout_basic, lemuel_tele_altar,
          chequers_serial_rivers_micro_d, uniq_duvessa
D:7:      layout_gridville, nicolae_uskayaw_murder_on_the_dancefloor,
          dk_vineyard_3
D:8:      kennysheep_ambush_hall, layout_basic, nemelex_spade_bored_becter
D:9:      minmay_bloctagon_deflated, layout_gridville, bloody_makhleb,
          uniq_erica
Temple:   eino_temple_scatter_basement

Skill      XL: |  1  2  3  4  5  6  7  8  9 |
---------------+----------------------------+-----
Hexes          | 4 5 6 7 |  7.1
Stealth        | 5 6 7 8 9 11 13 | 13.6
Dodging        | 3 4 |  4.4
Spellcasting   | 3 4 6 |  6.9
Ice Magic      | 1 |  1.3
Evocations     | 1 2 4 5 |  5.6
Invocations    | 2 3 4 |  4.2
Summonings     | 1 2 |  2.0
Short Blades   | 2 |  2.8
Fighting       | 1 |  1.2
Shields        | 1 |  1.8
Throwing       | |  0.2
Armour         | |  0.5

Action                   |  1- 3 |  4- 6 |  7- 9 | 10-12 || total
-------------------------+-------+-------+-------+-------++-------
Melee: Dagger            |    72 |   121 |   220 |     3 ||   416
Throw: Dart              |       |     6 |       |       ||     6
 Cast: Corona            |     2 |       |     1 |       ||     3
       Ensorcelled Hiber |    28 |    56 |    51 |     4 ||   139
       Tukima's Dance    |       |     4 |    18 |       ||    22
       Confusing Touch   |       |     3 |    14 |       ||    17
       Summon Small Mamm |       |       |     3 |       ||     3
       Summon Guardian G |       |       |     3 |       ||     3
       Dazzling Flash    |       |       |     2 |       ||     2
  Use: Scroll            |       |       |     7 |       ||     7
       Potion            |       |       |     2 |       ||     2
 Stab: Sleeping          |    17 |    34 |    46 |     2 ||    99
       Confused          |       |     4 |    14 |       ||    18
       Distracted        |       |       |     1 |       ||     1
       Invisible         |       |       |     1 |       ||     1
Armor: Robe              |     7 |     7 |    17 |       ||    31
Dodge: Dodged            |    48 |    89 |   177 |     2 ||   316
Block: Buckler           |       |       |    26 |       ||    26
